 Dungeon Crawl Stone Soup version 0.27-a0-262-gc50aac273e (webtiles) character file.

Game seed: 12592979910496986734

758 Froggeryz the Cleaver (level 8, -1/58 HPs)
             Began as a Formicid Chaos Knight on Feb 4, 2021.
             Was a Plaything of Xom.
             Slain by Edmund
             ... wielding a +7 flail of protection
              (8 damage)
             ... on level 5 of the Dungeon.
             The game lasted 00:06:30 (5381 turns).

Froggeryz the Cleaver (Formicid Chaos Knight)       Turns: 5381, Time: 00:06:31

Health: -1/58      AC:  7    Str: 18    XL:     8   Next: 7%
Magic:  8/8        EV:  9    Int: 13    God:    Xom [...*..]
Gold:   269        SH:  4    Dex: 12    Spells: 7/7 levels left

rFire    + . .     SeeInvis +   a - +0 hand axe (chaos)
rCold    . . .     Faith    .   (no shield)
rNeg     . . .     Spirit   .   m - +1 scale mail
rPois    .         Reflect  .   (helmet unavailable)
rElec    +         Harm     .   (no cloak)
rCorr    .         Rampage  .   (no gloves)
Will     .....                  (no boots)
Stlth    ..........             (no amulet)
HPRegen  0.19/turn              k - ring of protection from fire
MPRegen  0.11/turn              (no ring)

@: very slightly contaminated, invisible
A: permanent stasis, dig shafts and tunnels, four strong arms, antennae 3, large
bone plates 1, agile 1, electricity resistance, MP-powered wands
a: Dig, Shaft Self, Renounce Religion


You were on level 5 of the Dungeon.
You worshipped Xom.
You were a favourite toy of Xom.
You visited 2 branches of the dungeon, and saw 6 of its levels.

You collected 269 gold pieces.

Inventory:

Hand Weapons
 a - a +0 hand axe of chaos (weapon)
 n - a +0 hand axe
 s - a +5 antimagic flail
Armour
 m - a +1 scale mail (worn)
Jewellery
 k - a ring of protection from fire (left hand)
 r - an uncursed ring of fire
Wands
 f - a wand of digging (7)
 x - a wand of iceblast (4)
Scrolls
 c - 3 scrolls of magic mapping
 g - 4 scrolls of enchant armour
 h - a scroll of remove curse
 l - 5 scrolls of identify
 q - 2 scrolls of blinking {unknown}
Potions
 b - a potion of resistance {unknown}
 d - a potion of flight {unknown}
 e - a potion of heal wounds
 i - 2 potions of degeneration
 j - a potion of haste {unknown}
 o - 2 potions of might {unknown}
 p - 2 potions of lignification {unknown}
 t - 2 potions of mutation {unknown}
 u - 2 potions of magic {unknown}
 z - a potion of curing {unknown}


   Skills:
 - Level 3.2 Fighting
 * Level 8.6 Axes
 + Level 3.3 Armour
 - Level 0.8 Dodging


You had 7 spell levels left.
You didn't know any spells.
Your spell library contained the following spells:

 Spells                   Type           Power        Failure   Level
 Animate Armour           Summ/Erth      0%           100%        4
 Leda's Liquefaction      Hex/Erth       0%           100%        4
 Bolt of Magma            Conj/Fire/Erth 0%           100%        5
 Iron Shot                Conj/Erth      0%           100%        6
 Statue Form              Tmut/Erth      0%           100%        6
 Shatter                  Erth           0%           100%        9


Dungeon Overview and Level Annotations

Branches:
Dungeon (5/15)             Temple (1/1) D:4

Altars:
Ashenzari
Elyvilon
Nemelex Xobeh
Ru

Annotations:
D:5 Edmund


Innate Abilities, Weirdness & Mutations

You cannot be hasted, slowed, berserked, paralysed or teleported.
You can dig through walls and to a lower floor.
Your four strong arms can wield two-handed weapons with a shield.
You have a pair of large antennae on your head. (SInv)
You are partially covered in large bone plates. (SH +4)
You are agile. (Dex +2)
You are resistant to electric shocks. (rElec)
You expend magic power (3 MP) to strengthen your wands.


Message History

You closely miss Edmund.
Edmund is moderately wounded.
Edmund hits you with a +7 flail of protection.
* * * LOW HITPOINT WARNING * * *
You see here a thick robe.
Edmund closely misses you.
Edmund says, "A flail is better than a scythe, any day of the week!"
Edmund barely misses you.
Press: ? - help, v - describe, . - travel
Here: Edmund, wielding a +7 flail of protection and wearing a +0 ring mail (moderately wounded, fast, lightly drained)
The floor.
Unknown command.
You catch the helpless Edmund completely off-guard!
You hit Edmund but do no damage.
Edmund is moderately wounded.
Edmund hits you with a +7 flail of protection!
* * * LOW HITPOINT WARNING * * *
Edmund hits you with a +7 flail of protection!
You die...
Xom cackles wildly!

...# ##########...#
#.......##...#
#.......##...#
#.......##...# ####
...####.......##...###...
###.........=.............
#...####.......#.....##...
#>...[.@@...........'...
.....############.....##...
### #.....##... #.....##...
#.....##... ########...
####


You could see Edmund (fast, drained).

Vanquished Creatures
  An ogre (D:3)
  A scorpion (D:4)
  2 howler monkeys (D:4)
  2 orc priests (D:4)
  A centaur skeleton (D:4)
  An iguana (D:4)
  Terence (D:2)
  2 worker ants (D:4)
  Ijyb (D:3)
  2 orc wizards (D:4)
  3 gnolls (D:3)
  9 adders
  2 oozes
  6 worms
  2 dart slugs
  2 leopard geckos
  15 orcs
  4 ball pythons
  11 bats
  5 giant cockroaches
  8 goblins
  6 hobgoblins
  7 jackals
  2 quokkas (D:4)
  10 frilled lizards
  4 kobolds
  2 leopard gecko skeletons
  A quokka zombie (D:5)
  10 rats
123 creatures vanquished.

Vanquished Creatures (collateral kills)
  A scorpion (shapeshifter) (D:3)
  An orc (D:4)
  A hobgoblin (D:3)
3 creatures vanquished.

Vanquished Creatures (others)
  An orc wizard (D:4)
1 creature vanquished.

Grand Total: 127 creatures vanquished

Notes
Turn   | Place    | Note
-------+----------+-------------------------------------------
     0 | D:1      | Froggeryz the Formicid Chaos Knight began the quest for the
                  | Orb.
     0 | D:1      | Reached XP level 1. HP: 18/18 MP: 1/1
    37 | D:1      | Reached XP level 2. HP: 21/24 MP: 2/2
   541 | D:1      | XOM: noise
   549 | D:1      | Reached skill level 4 in Axes
   549 | D:1      | Reached XP level 3. HP: 26/29 MP: 3/3
   608 | D:1      | XOM: summons 4 hostile shadow creatures
   870 | D:1      | XOM: god gift: glaive {god gift}
   926 | D:1      | XOM: give mutation
   926 | D:1      | Gained mutation: You are agile. (Dex +2) [Xom's grace]
  1018 | D:2      | XOM: noise
  1068 | D:2      | Reached XP level 4. HP: 35/35 MP: 4/4
  1468 | D:2      | XOM: god gift: leatherbound book {god gift}
  1720 | D:2      | Reached skill level 5 in Axes
  1973 | D:2      | XOM: butterfly on damage
  2447 | D:3      | Reached XP level 5. HP: 30/41 MP: 5/5
  2479 | D:3      | Noticed Terence
  2487 | D:3      | Noticed a glowing shapeshifter
  2487 | D:3      | a gnoll changed into a glowing shapeshifter
  2487 | D:3      | Noticed an eight-headed hydra
  2487 | D:3      | a glowing shapeshifter changed into an eight-headed hydra
  2490 | D:3      | Noticed an ogre
  2491 | D:3      | Noticed a ghost moth
  2491 | D:3      | an eight-headed hydra changed into a ghost moth
  2498 | D:2      | Killed Terence
  2723 | D:3      | Noticed a storm dragon
  2724 | D:3      | Noticed an entropy weaver
  2724 | D:3      | a storm dragon changed into an entropy weaver
  2726 | D:3      | Noticed a ghost moth
  2726 | D:3      | an entropy weaver changed into a ghost moth
  2727 | D:3      | Noticed a goliath frog
  2727 | D:3      | a ghost moth changed into a goliath frog
  2728 | D:3      | Noticed a bunyip
  2728 | D:3      | a goliath frog changed into a bunyip
  2749 | D:3      | XOM: scenery: summon butterflies
  2754 | D:3      | Killed an ogre
  2754 | D:3      | Noticed a water moccasin
  2755 | D:3      | Reached skill level 6 in Axes
  2755 | D:3      | Reached XP level 6. HP: 26/47 MP: 6/6
  2755 | D:3      | Noticed an ice beast
  2755 | D:3      | a water moccasin changed into an ice beast
  2756 | D:3      | an ice beast changed into a scorpion
  2760 | D:3      | XOM: polymorph butterfly -> steam dragon
  2859 | D:3      | Noticed Ijyb
  2876 | D:3      | Killed Ijyb
  2877 | D:3      | Reached skill level 7 in Axes
  3427 | D:4      | XOM: give mutations
  3427 | D:4      | Gained mutation: You are partially covered in large bone
                  | plates. (SH +4) [Xom's grace]
  3427 | D:4      | Gained mutation: You are resistant to electric shocks.
                  | (rElec) [Xom's grace]
  3427 | D:4      | Gained mutation: You expend magic power (3 MP) to
                  | strengthen your wands. [Xom's grace]
  3472 | D:4      | Reached XP level 7. HP: 51/52 MP: 7/7
  3681 | D:4      | Reached skill level 8 in Axes
  3806 | D:4      | XOM: god gift: 13 gold pieces
  3927 | D:4      | XOM: summons 2 hostile shadow creatures
  4090 | D:4      | Found a staircase to the Ecumenical Temple.
  4171 | Temple   | Entered the Ecumenical Temple
  4384 | D:4      | XOM: summons 5 friendly demons
  4722 | D:4      | Reached XP level 8. HP: 48/58 MP: 8/8
  4985 | D:5      | Entered Level 5 of the Dungeon
  5349 | D:5      | Noticed Edmund
  5368 | D:5      | XOM: potion effect (invisibility)
  5381 | D:5      | Slain by Edmund

Illustrated notes

Levels and vault maps discovered:
D:1:      minmay_arrival_glassed_features, layout_basic
D:2:      minmay_recursive_quarters, layout_basic
D:3:      layout_rooms, uniq_terence, uniq_ijyb
D:4:      layout_gridville, minmay_temple_entry_hall
D:5:      layout_basic, uniq_edmund
Temple:   regret_index_temple_sigil_plot

Skill      XL: |  1  2  3  4  5  6  7 |
---------------+----------------------+-----
Axes           | 4 5 6 7 8 |  8.6
Armour         | 3 |  3.3
Fighting       | |  3.2
Dodging        | |  0.8

Action                   |  1- 3 |  4- 6 |  7- 9 || total
-------------------------+-------+-------+-------++-------
Melee: Hand axe          |    85 |   169 |   179 ||   433
 Abil: Dig               |     1 |       |       ||     1
  Use: Scroll            |       |     7 |     1 ||     8
       Potion            |       |     2 |     1 ||     3
 Stab: Petrified         |     1 |       |       ||     1
       Confused          |       |       |     1 ||     1
       Petrifying        |       |       |     1 ||     1
       Invisible         |       |       |     2 ||     2
Armor: Leather armour    |    41 |    16 |       ||    57
       Scale mail        |       |    36 |    48 ||    84
Dodge: Dodged            |    57 |    81 |    66 ||   204
Block: Other             |       |     1 |    20 ||    21

Table legend: (Time is in decaauts)
 A = Elapsed time spent in this place.
 B = Non-inter-level travel time spent in this place.
 C = Inter-level travel time spent in this place.
 D = Time resting spent in this place.
 E = Time spent auto-exploring this place.
 F = Levels seen in this place.
 G = Mean time per level.
                   A        B        C        D        E       F      G
               +--------+--------+--------+--------+--------+-----+--------+
         Total |   5367 |   5212 |    155 |    380 |   3897 |   6 |  894.5 |
       Dungeon |   5354 |   5204 |    150 |    380 |   3891 |   5 | 1070.8 |
        Temple |     12 |      7 |      5 |      0 |      6 |   1 |   12.0 |
               +--------+--------+--------+--------+--------+-----+--------+

Top non-repeatable levels by time:
     D:2: 1629 daAuts
     D:4: 1553 daAuts
     D:1: 1025 daAuts
     D:3: 758 daAuts
     D:5: 387 daAuts
  Temple: 12 daAuts
